AoeStats
← Noir_Angel

Four Lakes

509708651Analyzed
1v1 RM · 3d ago on Sep 27, 2026· 53m 11s· 2 players
Game mode
Random Map
Map size
Tiny (2 player)
Population
200
Speed
Normal
Resources
Standard
Victory
Conquest
Starting age
Dark Age
Ending age
Imperial Age
RankedLock teamsTeams togetherTeam positionsShared explorationLock speedFull tech treeHidden civsTurbo modeCheats
Victory
Defeat
🇩🇪 Varangians · Germany
993
+17
🇦🇷 Spanish · Argentina
1024
-17
Noir_Angel
6:54 Loom
10:10 Feudal Age
12:42 Fishing Lines
13:08 Double-Bit Axe
14:13 Wheelbarrow
13:31 Horse Collar
15:27 Town Watch
21:13 Castle Age
21:35 Bloodlines
22:44 Husbandry
22:54 Scale Barding Armor
22:59 Forging
23:56 Bow Saw
24:24 Chain Barding Armor
27:27 Iron Casting
26:42 Fletching
28:43 Devotion
28:52 Heavy Plow
31:03 Gillnets
34:18 Bodkin Arrow
34:23 Padded Archer Armor
34:25 Elite Skirmisher
37:44 Leather Archer Armor
38:13 Vendel Legacy
42:57 Imperial Age
40:42 Hand Cart
40:27 Town Patrol
41:05 Light Cavalry
43:47 Bracer
43:10 Cavalier
43:14 Hussar
45:10 Ring Archer Armor
44:45 Heated Shot
46:09 Ballistics
46:50 Chemistry
47:45 Plate Barding Armor
48:11 Blast Furnace
jrossiq
10:50 Feudal Age
10:55 Loom
11:37 Double-Bit Axe
11:50 Town Watch
12:13 Fishing Lines
14:49 Wheelbarrow
17:14 Horse Collar
21:21 Castle Age
19:48 Stone Mining
21:02 Arson
22:33 Bow Saw
22:25 Heavy Plow
22:21 Fletching
22:37 Scale Barding Armor
21:58 Elite Skirmisher
22:55 Bloodlines
22:46 Husbandry
23:28 Squires
26:42 Ballistics
26:39 Bodkin Arrow
27:05 Chain Barding Armor
28:13 Gambesons
29:03 Sanctity
28:53 Fervor
29:52 Pikeman
33:14 Murder Holes
35:59 Hand Cart
39:42 Imperial Age
37:46 Gold Mining
38:32 Stone Shaft Mining
38:03 Padded Archer Armor
38:04 Scale Mail Armor
38:14 Forging
40:51 Conscription
39:52 Elite Conquistador
42:48 Supremacy
48:02 Town Patrol
47:52 Onager
Connection lost

Rejoining the realm…

Still unreachable

The connection could not be restored.

Session expired

The server has moved on; the page needs a fresh start.